AoeStats
← Long John Silver

African Clearing

506943984Analyzed
4v4 RM · 16d ago on Sep 15, 2026· 19m 4s· 8 players
Game mode
Random Map
Map size
Large (8 player)
Population
200
Speed
Normal
Resources
Standard
Victory
Conquest
Starting age
Dark Age
Ending age
Imperial Age
RankedLock teamsTeams togetherTeam positionsShared explorationLock speedFull tech treeHidden civsTurbo modeCheats
Victory
Defeat
🇲🇽 Mongols · Mexico
1548
+15
🇫🇷 Goths · France
1534
+16
🇨🇳 Magyars · China
1503
+17
🇩🇪 Saracens · Germany
1467
+18
1648
-22
🇨🇱 Khitans · Chile
1545
-17
🇦🇷 Huns · Argentina
1473
-14
🇲🇽 Berbers · Mexico
1446
-13
Walmart
3:08 Loom
11:43 Feudal Age
17:04 Scale Barding Armor
17:58 Forging
18:01 Bloodlines
20:47 Castle Age
Svodoo
2:57 Loom
14:57 Feudal Age
19:44 Castle Age
17:59 Fishing Lines
19:05 Scale Mail Armor
19:29 Double-Bit Axe
第一滴血
12:38 Feudal Age
13:15 Man-at-Arms
18:54 Loom
Long John Silver
13:02 Feudal Age
16:46 Castle Age
14:54 Double-Bit Axe
15:32 Horse Collar
17:45 Bow Saw
17:47 Heavy Plow
18:46 Loom
EXILE | Polag3K
10:42 Loom
13:48 Feudal Age
17:57 Castle Age
16:18 Double-Bit Axe
16:38 Stone Mining
16:39 Gold Mining
18:58 Fletching
_Mewtwo
9:07 Loom
11:43 Feudal Age
12:23 Double-Bit Axe
12:21 Domestication
15:56 Forging
18:50 Scale Barding Armor
Donezo
10:40 Loom
12:58 Feudal Age
13:25 Double-Bit Axe
EXILE | Tulita de 2 cm oxidada
10:44 Loom
11:17 Loom
13:59 Feudal Age
Connection lost

Rejoining the realm…

Still unreachable

The connection could not be restored.

Session expired

The server has moved on; the page needs a fresh start.